 Dungeon Crawl Stone Soup version 0.30-a0-1008-g30c9307041 (webtiles) character file.

Game seed: 16777761785355369426

541 bearlyready the Chopper (level 7, -2/88 HPs)
             Began as an Armataur Berserker on Apr 5, 2023.
             Was an Elder of Trog.
             Slain by an orc
             ... wielding a +0 flail
              (8 damage)
             ... on level 5 of the Dungeon.
             The game lasted 00:05:19 (4172 turns).

bearlyready the Chopper (Armataur Berserker)        Turns: 4172, Time: 00:05:20

Health: -2/88      AC: 12    Str: 25    XL:     7   Next: 5%
Magic:  7/7        EV:  5    Int: 10    God:    Trog [****..]
Gold:   239        SH:  0    Dex:  9    Spells: 6/6 levels left

rFire   . . .      SeeInvis .    a - +0 hand axe
rCold   . . .      Faith    .    (no shield)
rNeg    . . .      Spirit   .    n - +2 plate armour "Geudwa" {rElec Int+3}
rPois   .          Reflect  .    (no helmet)
rElec   +          Roll     +    i - +0 cloak
rCorr   .                        (no gloves)
Will    .....                    (no barding) Stlth
                                 (no amulet)
HPRegen 0.34/turn                (no ring)
MPRegen 0.10/turn                (no ring)

@: berserking, very quick
A: large, rugged brown scales 3, deformed body, armoured tail, roll, long
tongue, awkward tongue
a: Renounce Religion, Berserk, Trog's Hand, Brothers in Arms


You were on level 5 of the Dungeon.
You worshipped Trog.
Trog was greatly pleased with you.
You visited 1 branch of the dungeon, and saw 5 of its levels.

You collected 239 gold pieces.

Inventory:

Hand Weapons
 a - a +0 hand axe (weapon)
Missiles
 e - 6 boomerangs (quivered)
 q - 21 poisoned darts
 r - 6 silver javelins
Armour
 i - a +0 cloak (worn)
 j - the +0 scale mail of the Elven Halls {Fly rN+++ Str+3 Stlth-}
   (You found it on level 2 of the Dungeon)

   Str:       It affects your strength (+3).
   rN:        It renders you almost immune to negative energy.
   Fly:       It grants you flight.
   Stlth:     It makes you less stealthy.
 n - the +2 plate armour "Geudwa" (worn) {rElec Int+3}
   (You found it on level 2 of the Dungeon)

   Int:       It affects your intelligence (+3).
   rElec:     It insulates you from electricity.
 x - a +0 kite shield
Wands
 u - a wand of roots (22)
Scrolls
 c - a scroll of amnesia {unknown}
 d - 3 scrolls of identify {unknown}
 f - a scroll of fear {unknown}
 h - a scroll of noise {unknown}
 l - 2 scrolls of vulnerability {unknown}
 m - a scroll of silence {unknown}
 o - 5 scrolls of poison {unknown}
 p - a scroll of teleportation {unknown}
Potions
 b - a potion of haste {unknown}
 g - a potion of lignification {unknown}
 k - a potion of invisibility {unknown}
 s - a potion of degeneration {unknown}
 t - a potion of berserk rage {unknown}
 v - a potion of mutation {unknown}
 w - a potion of heal wounds {unknown}


   Skills:
 - Level 2.6 Fighting
 + Level 6.7 Axes
 - Level 2.4 Armour
 - Level 1.3 Dodging


You had 6 spell levels left.
You didn't know any spells.
Your spell library was empty.

Dungeon Overview and Level Annotations

Branches:
Dungeon (5/15)
 Temple: D:4-7

Altars:
Ashenzari
Dithmenos
Sif Muna
Uskayaw
Xom
The Shining One


Innate Abilities, Weirdness & Mutations

You are completely covered in rugged brown scales. (AC +3, +7% HP)
Armour fits poorly on your strangely shaped body.
You have a long armoured tail.
You roll when moving toward enemies. (Rampage)
Your long tongue fully drains potion bottles. (2x potion effects)
Your tongue gives you trouble enunciating. (1.5x scroll delay)


Message History

The gnoll bouda barely misses you.
You slash the gnoll bouda!
The gnoll bouda is heavily wounded.
You closely miss the orc. The gnoll barely misses you.
You barely miss the gnoll bouda.
Your tail-slap misses the gnoll bouda.
The gnoll bouda is heavily wounded.
You barely miss the orc.
The gnoll bouda hits you but does no damage.
The orc hits you but does no damage.
You slash the gnoll bouda!
You kill the gnoll bouda!
Trog accepts your kill.
You hit the orc.
You kill the orc!
Trog accepts your kill. The gnoll hits you but does no damage.
You have reached level 7!
An orc comes into view.
It is wielding a +0 short sword and wearing a +3 ring mail of cold resistance.
The gnoll hits you but does no damage.
Items here: )) [[.
You slash the gnoll!
The gnoll is almost dead.
You slash the gnoll!
You kill the gnoll!
Trog accepts your kill. 2 orcs and an ogre come into view.
The orc shouts!
The ogre shouts!
The orc hits you with a +0 short sword.
* * * LOW HITPOINT WARNING * * *
The orc hits you but does no damage.
You see here a +0 spear.
You slash the orc!
You kill the orc!
Trog accepts your kill.
You slash the orc! You barely miss the orc. You barely miss the orc.
You tail-slap the orc!
You kill the orc!
Trog accepts your kill.
You barely miss the orc. The orc hits you with a +0 flail!
You die...

#... ...# ... ..
#.. ...# ... ..
#.# ....# ...
.##.# ....#
.....#†#.....#
####O#o#)#.....#
#......#))...#
......)#)#...#
......)@/#.###
......o#.# #
########.#
##########.#.#
#............#
#.......##.#...#
#.....g<#....###
#......g####.#
#....S.## ##


You could see an ogre and 2 orcs.

Vanquished Creatures
  A black bear (D:4)
  A kobold brigand (D:4)
  A gnoll bouda (D:5)
  2 orc priests
  An iguana (D:5)
  2 orc wizards (D:4)
  5 gnolls (D:5)
  4 adders
  A white imp (D:3)
  2 worms
  3 dart slugs
  9 orcs
  5 ball pythons
  8 endoplasms
  7 giant cockroaches
  6 goblins
  8 hobgoblins
  3 jackals (D:1)
  2 quokkas (D:1)
  3 bats
  2 frilled lizards
  26 kobolds
  5 rats
107 creatures vanquished.

Vanquished Creatures (others)
  10 plants (D:4)
10 creatures vanquished.

Grand Total: 117 creatures vanquished

Notes
Turn   | Place    | Note
-------+----------+-------------------------------------------
     0 | D:1      | bearlyready the Armataur Berserker began the quest for the
                  | Orb.
     0 | D:1      | Reached XP level 1. HP: 19/19 MP: 1/1
   214 | D:1      | Reached XP level 2. HP: 26/26 MP: 2/2
   222 | D:1      | Reached skill level 3 in Axes
  1033 | D:2      | Reached XP level 3. HP: 27/32 MP: 3/3
  1041 | D:2      | Identified the +0 scale mail of the Elven Halls {Fly rN+++
                  | Str+3 Stlth-}
  1046 | D:2      | Reached ** piety under Trog
  1755 | D:2      | Identified the +2 plate armour "Geudwa" {rElec Int+3}
  2282 | D:3      | Reached skill level 4 in Axes
  2282 | D:3      | Reached XP level 4. HP: 28/39 MP: 4/4
  2351 | D:3      | Found a shadowy altar of Dithmenos.
  2351 | D:3      | Found a hide-covered altar of Uskayaw.
  2441 | D:3      | Found a broken altar of Ashenzari.
  2784 | D:3      | Found a faded altar of an unknown god.
  2843 | D:4      | Found a shimmering blue altar of Sif Muna.
  2850 | D:4      | Found a glowing golden altar of the Shining One.
  2898 | D:4      | Noticed a kobold brigand
  2907 | D:4      | Reached *** piety under Trog
  2912 | D:4      | Killed a kobold brigand
  2913 | D:4      | Reached skill level 5 in Axes
  2913 | D:4      | Reached XP level 5. HP: 44/44 MP: 5/5
  3024 | D:4      | Found a shimmering altar of Xom.
  3029 | D:4      | Noticed a black bear
  3039 | D:4      | Killed a black bear
  3040 | D:4      | Reached XP level 6. HP: 23/53 MP: 6/6
  3629 | D:4      | Reached skill level 6 in Axes
  4125 | D:5      | Entered Level 5 of the Dungeon
  4157 | D:5      | Reached **** piety under Trog
  4167 | D:5      | Reached XP level 7. HP: 7/59 MP: 7/7
  4172 | D:5      | Slain by an orc

Illustrated notes

Levels and vault maps discovered:
D:1:      dpeg_arrival_ternary, layout_basic
D:2:      layout_basic
D:3:      layout_rooms, chequers_temple_overflow_statue_of_worship,
          shapermc_ecumenical_altar_petra, kennysheep_generic_room_11
D:4:      kennysheep_kobold_camp, layout_basic, xom_teletrap_fun,
          mainiacjoe_overflow_large_starburst
D:5:      layout_basic, minmay_temple_entry_butterflies

Skill      XL: |  1  2  3  4  5  6 |
---------------+-------------------+-----
Axes           | 3 4 5 6 |  6.7
Fighting       | |  2.6
Armour         | |  2.4
Dodging        | |  1.3

Action                     |  1- 3 |  4- 6 |  7- 9 || total
---------------------------+-------+-------+-------++-------
  Melee: Hand axe          |   111 |   114 |     4 ||   229
         Tailslap          |    11 |    11 |     1 ||    23
         Punch             |       |     1 |       ||     1
 Invoke: Berserk           |     1 |     2 |       ||     3
 Armour: Animal skin       |     2 |       |       ||     2
         Scale mail        |    47 |    35 |       ||    82
         Plate armour      |       |    24 |     2 ||    26
  Dodge: Dodged            |    65 |    38 |       ||   103

Table legend: (Time is in decaauts)
 A = Elapsed time spent in this place.
 B = Non-inter-level travel time spent in this place.
 C = Inter-level travel time spent in this place.
 D = Time resting spent in this place.
 E = Time spent auto-exploring this place.
 F = Levels seen in this place.
 G = Mean time per level.
                   A        B        C        D        E       F      G
               +--------+--------+--------+--------+--------+-----+--------+
         Total |   4200 |   3881 |    319 |     27 |   3224 |   5 |  840.0 |
       Dungeon |   4200 |   3881 |    319 |     27 |   3224 |   5 |  840.0 |
               +--------+--------+--------+--------+--------+-----+--------+

Top non-repeatable levels by time:
     D:4: 1314 daAuts
     D:2: 1276 daAuts
     D:1: 1032 daAuts
     D:3: 540 daAuts
     D:5: 36 daAuts
